AoeStats
← cabrilloESP

Arena

508515215Analyzed
2v2 RM · 8d ago on Sep 22, 2026· 52m 45s· 4 players
Game mode
Random Map
Map size
Medium (4 player)
Population
200
Speed
Normal
Resources
Standard
Victory
Conquest
Starting age
Dark Age
Ending age
Imperial Age
RankedLock teamsTeams togetherTeam positionsShared explorationLock speedFull tech treeHidden civsTurbo modeCheats
Victory
Defeat
🇻🇪 Random · Venezuela
1494
+10
🇦🇷 Wei · Argentina
1320
+16
🇪🇸 Koreans · Spain
1355
-14
🇪🇸 Random · Spain
1326
-12
cabrilloESP
7:30 Loom
9:56 Feudal Age
15:30 Double-Bit Axe
16:25 Fletching
22:06 Castle Age
20:07 Horse Collar
21:16 Gold Mining
23:01 Crossbowman
24:26 Scale Mail Armor
25:05 Forging
26:18 Squires
26:36 Chain Mail Armor
27:56 Bow Saw
29:36 Iron Casting
31:22 Wheelbarrow
30:36 Town Watch
31:57 Arson
32:30 Hand Cart
32:17 Heavy Plow
37:29 Imperial Age
34:46 Pikeman
36:23 Bodkin Arrow
39:12 Chemistry
38:08 Halberdier
40:11 Two-Man Saw
39:54 Gold Shaft Mining
40:13 Conscription
40:25 Bracer
41:30 Heavy Rocket Cart
43:15 Two-Man Saw
41:40 Elite Skirmisher
45:05 Scale Barding Armor
46:46 Ballistics
danielninosampe
3:46 Loom
11:14 Feudal Age
12:00 Double-Bit Axe
16:29 Castle Age
15:16 Forging
15:49 Scale Mail Armor
16:09 Gold Mining
16:44 Arson
25:44 Squires
31:19 Iron Casting
34:50 Chain Mail Armor
37:26 Wheelbarrow
38:18 Hamask
43:16 Imperial Age
43:23 Onager
50:13 Elite Varangian Guard
50:42 Gambesons
RankS
8:05 Loom
10:22 Feudal Age
14:46 Castle Age
13:22 Double-Bit Axe
13:18 Horse Collar
13:33 Horse Collar
16:41 Bow Saw
23:55 Heavy Plow
24:26 Scale Mail Armor
24:36 Forging
25:05 Wheelbarrow
25:17 Forging
27:45 Chain Mail Armor
29:02 Squires
29:08 Squires
29:44 Gambesons
30:36 Iron Casting
32:01 Heavy Plow
32:02 Town Watch
32:30 Fletching
34:09 Hand Cart
39:21 Imperial Age
36:57 Gold Mining
38:38 Hamask
39:42 Ballistics
40:07 Gold Shaft Mining
40:26 Conscription
41:19 Chemistry
41:59 Murder Holes
42:22 Bodkin Arrow
43:14 Heavy Scorpion
43:14 Onager
44:39 Siege Engineers
46:05 Siege Onager
47:20 Bracer
47:34 Masonry
53:16 Plate Mail Armor
53:10 Stone Mining
Dycsplay
10:26 Feudal Age
12:20 Loom
13:43 Double-Bit Axe
17:01 Wheelbarrow
20:05 Castle Age
18:25 Horse Collar
19:52 Scale Barding Armor
21:29 Bow Saw
21:32 Gold Mining
21:44 Heavy Plow
23:03 Chain Barding Armor
26:22 Bloodlines
27:54 Forging
28:47 Hand Cart
29:06 Town Watch
30:31 Husbandry
36:44 Imperial Age
35:04 Iron Casting
36:37 Fletching
36:47 Padded Archer Armor
38:30 Blast Furnace
37:26 Bodkin Arrow
37:59 Parthian Tactics
37:40 Thumb Ring
38:30 Leather Archer Armor
38:01 Heavy Hei Guang Cavalry
38:05 Light Cavalry
39:50 Chemistry
39:37 Ballistics
40:19 Bracer
42:12 Hussar
48:15 Ring Archer Armor
47:07 Elite Skirmisher
50:23 Treadmill Crane
Connection lost

Rejoining the realm…

Still unreachable

The connection could not be restored.

Session expired

The server has moved on; the page needs a fresh start.